AoeStats
← stevenntqaz

Arena

503835914Analyzed
4v4 RM · 29d ago on Sep 2, 2026· 31m 9s· 8 players
Game mode
Random Map
Map size
Large (8 player)
Population
200
Speed
Normal
Resources
Standard
Victory
Conquest
Starting age
Dark Age
Ending age
Imperial Age
RankedLock teamsTeams togetherTeam positionsShared explorationLock speedFull tech treeHidden civsTurbo modeCheats
Victory
Defeat
🇨🇳 Spanish · China
1260
+16
1249
+16
🇨🇳 Franks · China
1214
+18
🇹🇼 Bohemians · Taiwan
1212
+18
🇺🇸 Saracens · United States
1307
-19
🇯🇵 Bengalis · Japan
1294
-19
🇺🇸 Hindustanis · United States
1249
-17
🇵🇾 Poles · Paraguay
1180
-14
V我50%匡扶汉室
12:13 Feudal Age
13:08 Double-Bit Axe
15:57 Castle Age
13:40 Horse Collar
16:54 Wheelbarrow
18:15 Bow Saw
18:15 Heavy Plow
23:11 Gold Mining
26:53 Heavy Plow
30:23 Imperial Age
28:14 Hand Cart
29:53 Scale Barding Armor
29:58 Forging
31:32 Chain Barding Armor
32:08 Iron Casting
仙逆许木
11:12 Feudal Age
14:56 Castle Age
13:21 Double-Bit Axe
13:40 Horse Collar
15:26 Padded Archer Armor
21:27 Leather Archer Armor
22:59 Loom
23:22 Gold Mining
24:08 Town Watch
24:22 Fletching
25:30 Stone Mining
25:54 Bodkin Arrow
Revenant
10:40 Feudal Age
14:25 Castle Age
12:52 Double-Bit Axe
15:55 Bow Saw
21:56 Wheelbarrow
21:54 Gold Mining
23:39 Gold Shaft Mining
24:03 Hand Cart
24:04 Stone Mining
25:04 Loom
28:22 Imperial Age
26:22 Scale Mail Armor
26:32 Forging
26:25 Squires
26:10 Arson
26:11 Gambesons
28:07 Chain Mail Armor
28:51 #83
29:16 Iron Casting
28:28 Elite Throwing Axeman
29:29 Conscription
30:33 Hoardings
30:34 Plate Mail Armor
31:05 Blast Furnace
30:18 Fletching
30:51 Ballistics
30:01 Capped Ram
31:43 Murder Holes
stevenntqaz
10:34 Feudal Age
15:18 Castle Age
13:31 Double-Bit Axe
16:35 Bow Saw
17:41 Wheelbarrow
17:37 Loom
23:42 Horse Collar
24:13 Pikeman
25:27 Heavy Plow
30:03 Imperial Age
27:58 Scale Mail Armor
28:07 Squires
29:46 Chemistry
29:56 Hand Cart
30:07 Halberdier
31:04 Chain Mail Armor
31:00 Forging
Non faux pa
11:10 Feudal Age
13:42 Loom
16:02 Castle Age
14:24 Double-Bit Axe
15:11 Fletching
17:30 Thumb Ring
17:20 Crossbowman
21:12 Ballistics
22:53 Bodkin Arrow
23:47 Padded Archer Armor
25:00 Wheelbarrow
26:34 Fortified Wall
mR_GrincH_
11:26 Feudal Age
12:24 Double-Bit Axe
12:21 Horse Collar
15:46 Castle Age
14:35 Gold Mining
16:59 Bow Saw
25:10 Wheelbarrow
24:24 Loom
26:21 Gold Shaft Mining
26:14 Hand Cart
26:15 Stone Mining
30:31 Imperial Age
28:29 Scale Barding Armor
28:34 Forging
30:11 Bloodlines
30:01 Husbandry
31:25 Iron Casting
31:11 Chain Barding Armor
WolffJesu
8:08 Loom
11:00 Feudal Age
11:45 Double-Bit Axe
16:00 Castle Age
16:10 Horse Collar
17:54 Bow Saw
20:00 Town Watch
22:38 Wheelbarrow
21:54 Gold Mining
23:50 Stone Mining
27:17 Imperial Age
26:04 Scale Barding Armor
26:09 Forging
27:17 Chain Barding Armor
27:27 Light Cavalry
28:17 Bloodlines
28:08 Husbandry
28:30 Conscription
29:03 Iron Casting
28:40 Winged Hussar
Nekomi
11:00 Feudal Age
14:58 Castle Age
13:07 Double-Bit Axe
13:45 Horse Collar
16:21 Bow Saw
17:57 Wheelbarrow
21:42 Heavy Plow
23:07 Hand Cart
22:59 Gold Mining
23:04 Stone Mining
24:45 Gold Shaft Mining
24:35 Loom
29:10 Imperial Age
26:33 Fletching
27:12 Padded Archer Armor
28:13 Bodkin Arrow
28:34 Leather Archer Armor
28:42 Ballistics
29:20 Town Watch
29:18 Elite Elephant Archer
29:59 Bracer
30:30 Ring Archer Armor
31:07 Chemistry
29:49 Treadmill Crane
31:22 Conscription
Connection lost

Rejoining the realm…

Still unreachable

The connection could not be restored.

Session expired

The server has moved on; the page needs a fresh start.